 Seeded DCSS version 0.29-a0-982-gaed3a0c8d8 (webtiles) character file.

Game seed: 15447767800964622143 (custom seed)

349 wilfster70 the Chopper (level 6, -2/84 HPs)
             Began as a Hill Orc Fighter on Aug 1, 2022.
             Succumbed to a goblin's poison
             ... on level 4 of the Dungeon.
             The game lasted 00:05:22 (2475 turns).

wilfster70 the Chopper (Hill Orc Fighter)           Turns: 2475, Time: 00:05:22

Health: -2/84      AC: 23    Str: 21    XL:     6   Next: 60%
Magic:  6/6        EV:  2    Int:  8    God:
Gold:   151        SH:  4    Dex: 10    Spells: 5/5 levels left

rFire   . . .      SeeInvis .   a - +0 war axe
rCold   . . .      Faith    .   c - +0 buckler
rNeg    . . .      Spirit   .   (body armour currently unavailable)
rPois   +          Reflect  .   (helmet currently unavailable)
rElec   .          Harm     .   (cloak currently unavailable)
rCorr   .          Rampage  .   (gloves currently unavailable)
Will    +....      NoTele   +   (boots currently unavailable)
Stlth   +.........              (no amulet)
HPRegen 0.24/turn               i - ring of willpower
MPRegen 0.10/turn               (no ring)

@: lethally poisoned (-2 -> -25), tree-form
A: stationary, stasis, torment immunity, boosted hp
a: no special abilities


You were on level 4 of the Dungeon.
You were a tree.
You visited 1 branch of the dungeon, and saw 5 of its levels.

You collected 151 gold pieces.

Inventory:

Hand Weapons
 a - a +0 war axe (weapon)
Armour
 c - a +0 buckler (worn)
 n - the +15 crystal plate armour "Gaolop" (melded) {*Corrode Drain +Inv rN+++}
   (You acquired it on level 2 of the Dungeon)

   rN:        It renders you almost immune to negative energy.
   +Inv:      It lets you turn invisible.
   *Corrode:  It may corrode you when you take damage.
   Drain:     It drains your maximum health when unequipped.
 p - a +2 cloak (melded)
Jewellery
 i - a ring of willpower (left branch)
 t - a ring of wizardry
Wands
 r - a wand of roots (3)
Scrolls
 b - a scroll of summoning
 f - 2 scrolls of teleportation
Potions
 d - a potion of might
 e - 2 potions of haste
 g - a potion of curing {unknown}
 h - a potion of flight {unknown}
 j - a potion of heal wounds {unknown}
 k - 3 potions of lignification
 l - 2 potions of cancellation {unknown}
 m - a potion of magic {unknown}
 o - a potion of mutation {unknown}


   Skills:
 + Level 5.2 Fighting
 * Level 6.6 Axes
 + Level 4.8 Armour
 - Level 3.2 Shields


You had 5 spell levels left.
You didn't know any spells.
Your spell library contained the following spells:

 Spells                   Type           Power      Damage    Failure   Level
 Magic Dart               Conj           0%         1d3       50%         1
 Call Imp                 Summ           0%         N/A       65%         2
 Static Discharge         Conj/Air       0%         3-3/arc   65%         2
 Mephitic Cloud           Conj/Pois/Air  0%         N/A       86%         3
 Dispel Undead            Necr           0%         3d6       99%         4
 Sticky Flame             Conj/Fire      0%         2d3       99%         4


Dungeon Overview and Level Annotations

Branches:
Dungeon (5/15)
 Temple: D:4-7

Altars:


Message History

You feel very sick. The goblin hits you but does no damage.
You are more poisoned.
You closely miss the goblin.
The goblin is severely wounded.
You feel extremely sick. The goblin barely misses you.
The goblin hits you with a +2 dagger of venom.
You hit the goblin.
The goblin is almost dead.
You feel very sick. The goblin hits you but does no damage.
You are lethally poisoned!
You barely miss the goblin.
The goblin is almost dead.
You feel extremely sick. The goblin hits you but does no damage.
You are more poisoned.
You miss the goblin.
The goblin is almost dead.
You hit the endoplasm.
* * * LOW HITPOINT WARNING * * *
You feel extremely sick. The endoplasm freezes you.
You are frozen.
* * * LOW HITPOINT WARNING * * *
The goblin hits you but does no damage.
You barely miss the goblin.
The goblin is almost dead.
You slash the endoplasm!
You kill the endoplasm!
* * * LOW HITPOINT WARNING * * *
You feel extremely sick. The goblin hits you but does no damage.
You are more poisoned.
It was a potion of lignification.
You turn into a tree.
Your +2 cloak melds into your body.
The +15 crystal plate armour "Gaolop" {*Corrode Drain +Inv rN+++} melds into your body.
Your roots penetrate the ground.
You die...

.... ...## .....#...#
.....#...# ...
.#......#...#
.##..#..#.........##
.....#.............##
.....#... #........#
.##...#..###.(.g♣...#
$..........#####....#
...............#.####
.................#
..........#..##.##
.......)......###
##...........##
##.......†####
#.........#####


You could see a goblin.

Vanquished Creatures
  A black bear (D:4)
  An ogre (D:4)
  An orc wizard (D:4)
  An iguana (D:4)
  2 adders
  A white imp (D:4)
  3 worms
  3 dart slugs
  9 orcs
  5 bats
  14 endoplasms
  3 giant cockroaches
  3 goblins
  3 hobgoblins
  6 jackals (D:3)
  A quokka (D:1)
  5 ball pythons
  A frilled lizard (D:2)
  4 kobolds
  6 rats
73 creatures vanquished.

Notes
Turn   | Place    | Note
-------+----------+-------------------------------------------
     0 | D:1      | wilfster70 the Hill Orc Fighter began the quest for the
                  | Orb.
     0 | D:1      | Reached XP level 1. HP: 19/19 MP: 1/1
    56 | D:1      | Reached skill level 3 in Axes
   278 | D:1      | Found a faded altar of an unknown god.
   313 | D:1      | Reached XP level 2. HP: 16/27 MP: 2/2
  1005 | D:2      | Reached XP level 3. HP: 32/33 MP: 3/3
  1041 | D:2      | Identified a scroll of acquirement
  1041 | D:2      | Acquired the +15 crystal plate armour "Gaolop" {*Corrode
                  | Drain +Inv rN+++}
  1181 | D:2      | Reached skill level 4 in Axes
  1735 | D:3      | Reached XP level 4. HP: 36/40 MP: 4/4
  2072 | D:3      | You fall into a shaft and drop 2 floors!
  2072 | D:5      | Entered Level 5 of the Dungeon
  2094 | D:4      | Noticed an ogre
  2106 | D:4      | Killed an ogre
  2107 | D:4      | Reached skill level 5 in Axes
  2107 | D:4      | Reached XP level 5. HP: 36/47 MP: 5/5
  2169 | D:4      | Reached skill level 6 in Axes
  2169 | D:4      | Reached XP level 6. HP: 34/55 MP: 6/6
  2189 | D:4      | Reached skill level 5 in Fighting
  2440 | D:4      | Noticed a black bear
  2456 | D:4      | Killed a black bear
  2474 | D:4      | HP: 2/56 [poisoned by a goblin]
  2475 | D:4      | Succumbed to a goblin's poison

Illustrated notes

Levels and vault maps discovered:
D:1:      dpeg_arrival_leaves_temple_mockup, layout_rooms,
          hellmonk_ecumenical_altar_crossroads
D:2:      layout_basic, minmay_tetromino_s2
D:3:      layout_loops_cross, portal_sewer_entry_e
D:4:      layout_cave_pools
D:5:      layout_loops_ring, chequers_serial_rivers_micro_e,
          uniq_crazy_yiuf_cottage, uniq_menkaure

Skill      XL: |  1  2  3  4  5  6 |
---------------+-------------------+-----
Axes           | 3 4 5 6 |  6.6
Fighting       | 4 5 |  5.2
Armour         | 4 |  4.8
Shields        | |  3.2

Action                   |  1- 3 |  4- 6 || total
-------------------------+-------+-------++-------
Melee: War axe           |   116 |    92 ||   208
  Use: Scroll            |     4 |     3 ||     7
       Potion            |       |     1 ||     1
Armor: Scale mail        |    26 |       ||    26
       Chain mail        |    22 |       ||    22
       Crystal plate arm |    43 |   107 ||   150
Dodge: Dodged            |    33 |    10 ||    43
Block: Buckler           |    27 |    32 ||    59

Table legend: (Time is in decaauts)
 A = Elapsed time spent in this place.
 B = Non-inter-level travel time spent in this place.
 C = Inter-level travel time spent in this place.
 D = Time resting spent in this place.
 E = Time spent auto-exploring this place.
 F = Levels seen in this place.
 G = Mean time per level.
                   A        B        C        D        E       F      G
               +--------+--------+--------+--------+--------+-----+--------+
         Total |   2540 |   2492 |     48 |    684 |    813 |   5 |  508.0 |
       Dungeon |   2540 |   2492 |     48 |    684 |    813 |   5 |  508.0 |
               +--------+--------+--------+--------+--------+-----+--------+

Top non-repeatable levels by time:
     D:1: 1011 daAuts
     D:2: 760 daAuts
     D:4: 408 daAuts
     D:3: 350 daAuts
     D:5: 9 daAuts
